 Dungeon Crawl Stone Soup version 0.25-a0-730-g633e9c3c14 (webtiles) character file.

Game seed: 6380153136207917820, levelgen mode: deterministic

46 kae the Ruffian (level 3, 0/28 HPs)
             Began as a Draconian Transmuter on Apr 7, 2020.
             Succumbed to an adder's poison
             ... on level 2 of the Dungeon.
             The game lasted 00:01:32 (1523 turns).

kae the Ruffian (Draconian Transmuter)              Turns: 1523, Time: 00:01:33

Health: 0/28       AC:  5    Str: 13    XL:     3   Next: 46%
Magic:  4/6        EV: 12    Int: 13    God:
Gold:   20         SH:  0    Dex: 11    Spells: 3/6 levels left

rFire    . . .     SeeInvis .     - Unarmed
rCold    . . .     Gourm    .   (no shield)
rNeg     . . .     Faith    .   (armour unavailable)
rPois    .         Spirit   .   (helmet restricted)
rElec    .         Reflect  .   (no cloak)
rCorr    .         Harm     .   (no gloves)
MR       .....                  (no boots)
Stlth    +.........             (no amulet)
HPRegen  0.09/turn              (no ring)
MPRegen  0.10/turn              (no ring)

@: lethally poisoned (0 -> -13)
A: unfitting armour, cold-blooded, AC +5
a: no special abilities


You were on level 2 of the Dungeon.
You were hungry.

You visited 1 branch of the dungeon, and saw 2 of its levels.

You collected 20 gold pieces.

Inventory:

Missiles
 a - 10 arrows
Scrolls
 e - a scroll of amnesia
Potions
 g - a potion of flight
Comestibles
 c - 3 rations


   Skills:
 - Level 1.1 Fighting
 - Level 1.7 Dodging
 * Level 3.8 Unarmed Combat
 + Level 2.4 Spellcasting
 + Level 2.5 Transmutations


You had 3 spell levels left.
You knew the following spells:

 Your Spells              Type           Power        Failure   Level  Hunger
a - Beastly Appendage     Tmut           #.....       9%          1    #......
b - Sticks to Snakes      Tmut           #.......     13%         2    ###....

Your spell library contained the following spells:

 Spells                   Type           Power        Failure   Level  Hunger
 Spider Form              Tmut/Pois      #.........   41%         3    ###....
 Ice Form                 Ice/Tmut       #.......     82%         4    #####..
 Blade Hands              Tmut           #.........   93%         5    ######.


Dungeon Overview and Level Annotations

Branches:
Dungeon (2/15)

Altars:


Innate Abilities, Weirdness & Mutations

Your plain brown scales are hard. (AC +5)
You cannot fit into any form of body armour.
You are cold-blooded and may be slowed by cold attacks.


Message History

You hit the adder.
The adder is almost dead.
You feel sick. The adder bites you.
* * * LOW HITPOINT WARNING * * *
You are more poisoned.
The adder poisons you!
Casting: Beastly Appendage (safe; 9% risk of failure)
Confirm with . or Enter, or press ? or * to list all spells.
You create a snake!
You now have 10 arrows.
* * * LOW HITPOINT WARNING * * *
You feel sick. The adder bites you but does no damage. The adder bites you.
* * * LOW HITPOINT WARNING * * *
Your horns disappear.
* * * LOW HITPOINT WARNING * * *
You feel sick. The adder bites you but does no damage.
Your ball python barely misses the adder.
Your ball python grabs the adder.
Your ball python constricts the adder.
You barely miss the adder.
The adder is almost dead.
You die...

###############
#............<#
#.#############
#.# #.# #@#
.......S.#
.......S.#
.........#
.........#
.........#
..........
..........


You could see an adder and a friendly ball python.

Vanquished Creatures
  3 dart slugs (D:1)
  2 leopard geckos (D:1)
  4 bats (D:1)
  3 giant cockroaches (D:1)
  3 goblins (D:1)
  2 hobgoblins (D:1)
  3 jackals (D:1)
  6 kobolds (D:1)
  A ball python (D:1)
  3 frilled lizards (D:1)
  3 rats (D:1)
33 creatures vanquished.

Vanquished Creatures (collateral kills)
  A ball python (D:1)
  A rat (D:1)
2 creatures vanquished.

Grand Total: 35 creatures vanquished

Notes
Turn   | Place    | Note
-------+----------+-------------------------------------------
     0 | D:1      | kae the Draconian Transmuter began the quest for the Orb.
     0 | D:1      | Reached XP level 1. HP: 16/16 MP: 3/3
   216 | D:1      | Reached XP level 2. HP: 8/23 MP: 3/5
   699 | D:1      | Learned a level 2 spell: Sticks to Snakes
   807 | D:1      | Reached XP level 3. HP: 12/28 MP: 1/6
  1522 | D:2      | HP: 1/28 [poisoned by an adder]
  1523 | D:2      | Succumbed to an adder's poison

Levels and vault maps discovered:
D:1:      dpeg_arrival_castle, layout_basic
D:2:      layout_basic, first_ration

Action                   || total
-------------------------++-------
Melee: Unarmed           ||   145
       Tailslap          ||    16
       Kick              ||     7
       Headbutt          ||     5
       Punch             ||     1
 Cast: Beastly Appendage ||    19
       Sticks to Snakes  ||     2
  Use: Scroll            ||     3
  Eat: Chunk             ||     2
Armor: Skin              ||    43
Dodge: Dodged            ||   109

Table legend:
 A = Non-vault XP
 B = Vault XP
 C = Vault XP percentage of total XP
 D = Non-vault monster count
 E = Vault monster count
 F = Vault count percentage of total count
                 A         B        C        D         E       F
            +---------+---------+-------+---------+---------+-------
      Total |      67 |       0 |   0.0 |      35 |       0 |   0.0
            +---------+---------+-------+---------+---------+-------
        D:1 |      67 |       0 |   0.0 |      35 |       0 |   0.0
            +---------+---------+-------+---------+---------+-------
